 Dungeon Crawl Stone Soup version 0.29.1-15-g9cfb28693d (webtiles) character file.

Game seed: 11933158242687767251

1942 protoss039 the Digger (level 8, -6/91 (96) HPs)
             Began as a Demonspawn Earth Elementalist on Mar 24, 2023.
             Was a Follower of Vehumet.
             Killed by vampiric draining
             ... invoked by MrClown's ghost
              (16 damage)
             ... on level 6 of the Dungeon.
             The game lasted 00:09:04 (5854 turns).

protoss039 the Digger (DsEE)                        Turns: 5854, Time: 00:09:05

HP:   -6/91 (96)    AC:  9    Str: 14    XL:     8   Next: 98%
MP:   16/16         EV: 12    Int: 18    God:    Vehumet [*.....]
Gold: 338           SH:  0    Dex: 15    Spells: 12/18 levels left

rFire   . . .      SeeInvis .   u - +1 quarterstaff (spect)
rCold   . . .      Faith    .   (shield currently unavailable)
rNeg    . . .      Spirit   .   w - +0 troll leather armour {Pargi}
rPois   .          Reflect  .   C - +0 helmet
rElec   .          Harm     .   (no cloak)
rCorr   .          Rampage  .   (no gloves)
Will    .....                   j - +0 pair of boots
Stlth   ..........              (no amulet)
HPRegen 1.05/turn               h - +6 ring of strength
MPRegen 0.15/turn               H - +4 ring of slaying

@: berserking, lightly drained, very quick
A: demonic guardian 1, sharp scales 2, demonic magic 2
a: Renounce Religion


You were on level 6 of the Dungeon.
You worshipped Vehumet.
Vehumet was aware of your devotion.
You visited 1 branch of the dungeon, and saw 6 of its levels.
You also visited: Sewer.

You collected 338 gold pieces.

Inventory:

Hand Weapons
 d - a +0 dagger
 u - a +1 spectral quarterstaff (weapon)
Armour
 e - a +0 leather armour of poison resistance
 j - a +0 pair of boots (worn)
 v - the +0 leather armour of Nivi Esacs {rCorr}
   (You took it off an orc wizard on level 3 of the Dungeon)

   rCorr:     It protects you from acid and corrosion.
 w - a +0 troll leather armour (worn) {Pargi}
 C - a +0 helmet (worn)
Magical Staves
 o - a staff of cold
Jewellery
 h - a +6 ring of strength (left hand)
 z - a ring of wizardry
 H - a +4 ring of slaying (right hand)
Wands
 p - a wand of iceblast (30)
 q - a wand of charming (5)
 I - a wand of light (12)
Scrolls
 a - 3 scrolls of blinking
 g - a scroll of identify
 k - 3 scrolls of fog
 l - a scroll of immolation
 r - a scroll of brand weapon
 y - 2 scrolls of amnesia
 B - 3 scrolls of fear
 E - a scroll of poison {unknown}
 F - a scroll of noise {unknown}
Potions
 b - 2 potions of magic
 c - 5 potions of heal wounds
 f - 2 potions of brilliance
 i - a potion of degeneration {unknown}
 m - 2 potions of curing
 n - a potion of resistance {unknown}
 s - 3 potions of mutation
 x - 2 potions of haste {unknown}
 A - a potion of attraction {unknown}
 D - a potion of cancellation {unknown}
 G - a potion of might {unknown}
 J - a potion of flight {unknown}


   Skills:
 + Level 5.6 Fighting
 + Level 5.1 Armour
 - Level 1.7 Dodging
 - Level 1.7 Stealth
 + Level 5.7 Spellcasting
 - Level 0.8 Transmutations
 + Level 5.9 Earth Magic


You had 12 spell levels left.
You knew the following spells:

 Your Spells              Type           Power      Damage    Failure   Level
a - Sandblast             Erth           52%        2d12      1%          1
b - Passwall              Tmut/Erth      14%        N/A       6%          2
c - Stone Arrow           Conj/Erth      30%        3d8       14%         3

Your spell library contained the following spells:

 Spells                   Type           Power      Damage    Failure   Level
 Freeze                   Ice            20%        1d4       16%         1
 Apportation              Tloc           10%        N/A       16%         1
 Magic Dart               Conj           20%        1d4       16%         1
 Necrotise                Necr           20%        1d5       16%         1
 Summon Small Mammal      Summ           20%        N/A       16%         1
 Ensorcelled Hibernation  Hex/Ice        10%        N/A       22%         2
 Spider Form              Tmut/Pois      6%         N/A       36%         3
 Petrify                  Tmut/Erth      17%        N/A       36%         4
 Anguish                  Hex/Necr       2%         N/A       83%         4
 Summon Ice Beast         Ice/Summ       5%         N/A       83%         4
 Summon Mana Viper        Hex/Summ       5%         N/A       99%         5
 Monstrous Menagerie      Summ           2%         N/A       100%        7


Dungeon Overview and Level Annotations

Branches:
Dungeon (6/15) Zot: 26245  Temple (0/1) D:5           Sewer (visited)

Altars:
Cheibriados
Kikubaaqudgha
Makhleb
Nemelex Xobeh
Sif Muna
Vehumet

Shops:
D:4 *

Annotations:
D:4 4 runed translucent doors, Crazy Yiuf; MrClown's ghost, novice DsNe; NimIero's ghost, amateur DrCj
D:6 MrClown's ghost, novice DsNe


Innate Abilities, Weirdness & Mutations

A weak demonic guardian rushes to your aid.
You are mostly covered in razor-sharp scales. (AC +2, Slay +2)
Spells you cast may paralyse nearby enemies.


Message History

Unknown command.
You thump the orc priest!
The orc priest is heavily wounded.
The orc barely misses you. The orc priest hits you with a +0 whip.
MrClown's ghost barely misses you. The orc barely misses you.
The orc hits you with a +0 dagger. The orc misses you.
MrClown's ghost hits you but does no damage.
You are electrocuted!
* * * LOW HITPOINT WARNING * * *
A demonic guardian appears!
You closely miss the orc warrior.
Your quasit bites the orc.
Your quasit claws the orc. x2
MrClown's ghost hits you but does no damage.
The orc closely misses your quasit. The orc hits you with a +0 dagger.
* * * LOW HITPOINT WARNING * * *
The orc closely misses you.
Unknown command.
A red film seems to cover your vision as you go berserk!
You feel yourself moving faster!
You feel mighty!
Your quasit bites the orc.
Your quasit claws the orc.
Your quasit barely misses the orc.
MrClown's ghost gestures at you while chanting.
Your body is wracked with pain!
* * * LOW HITPOINT WARNING * * *
A demonic guardian appears!
The orc misses your quasit. The orc warrior misses you. The orc misses you.
The orc hits you but does no damage.
Your quasit bites the orc.
The orc dies!
Vehumet accepts your kill.
Unknown command.
Unknown command.
Unknown command.
You thump MrClown's ghost!
MrClown's ghost is heavily damaged.
The orc hits you but does no damage.
Your ufetubus hits the orc.
Your ufetubus barely misses the orc.
The orc warrior hits you with a +0 flail.
* * * LOW HITPOINT WARNING * * *
The orc barely misses your ufetubus.
MrClown's ghost draws life force from you!
You die...

#.....<.# #.#
#.......########.#
#................#
#.......#######..#
#######.#........#
#.#.##.###.#
##.#.##..##5#####
#######.......5oo.....#
.......8......oo@....8#
#############'oW#######
#o?......oo...#
#....#####o...#
#.###.....###.#
#.#8#..8..#8#.#
#.............#
#8...)[_[....8#


You could see 2 orc warriors, 2 orc priests, MrClown's ghost, 4 orcs, a friendly
quasit (summoned) and a friendly ufetubus (summoned).

Vanquished Creatures
  2 water moccasins (D:4)
  Pargi (D:4)
  An orc warrior (D:6)
  A black bear (D:6)
  2 ogres (D:6)
  A centaur (D:5)
  A phantom (D:5)
  5 scorpions
  A necrophage (D:6)
  3 wights (D:6)
  2 howler monkeys
  4 hounds
  2 orc priests (D:6)
  An iguana (D:5)
  2 orc wizards
  Robin (D:4)
  10 adders
  3 river rats (Sewer)
  4 worms
  2 dart slugs
  23 orcs
  4 endoplasms
  3 giant cockroaches
  14 goblins
  4 hobgoblins
  11 jackals
  11 kobolds
  4 quokkas
  14 ball pythons
  2 bats
  5 frilled lizards
  14 rats
158 creatures vanquished.

Vanquished Creatures (collateral kills)
  An orc (D:6)
1 creature vanquished.

Vanquished Creatures (others)
  An adder (D:4)
  2 fungi (D:5)
  7 plants (Sewer)
10 creatures vanquished.

Grand Total: 169 creatures vanquished

Notes
Turn   | Place    | Note
-------+----------+-------------------------------------------
     0 | D:1      | protoss039 the Demonspawn Earth Elementalist began the
                  | quest for the Orb.
     0 | D:1      | Reached XP level 1. HP: 13/13 MP: 3/3
   205 | D:1      | Gained mutation: Spells you cast may paralyse adjacent
                  | enemies. [demonic ancestry]
   205 | D:1      | Reached XP level 2. HP: 20/20 MP: 3/5
   461 | D:1      | Reached skill level 1 in Fighting
   904 | D:1      | Learned a level 2 spell: Passwall
   934 | D:2      | Gained mutation: You are partially covered in razor-sharp
                  | scales. (AC +1, Slay +1) [demonic ancestry]
   934 | D:2      | Reached XP level 3. HP: 25/26 MP: 3/6
  1036 | D:2      | Reached skill level 1 in Armour
  2110 | D:2      | Learned a level 3 spell: Stone Arrow
  2214 | D:3      | Identified the +0 leather armour of Nivi Esacs {rCorr}
  2235 | D:3      | Reached XP level 4. HP: 20/33 MP: 5/8
  2491 | D:3      | Found a snail-covered altar of Cheibriados.
  2854 | D:4      | Noticed Pargi
  2869 | D:4      | Killed Pargi
  2870 | D:4      | Reached XP level 5. HP: 10/39 MP: 2/9
  3169 | D:4      | Found a glowing drain.
  3173 | Sewer    | Entered a sewer
  3452 | Sewer    | Gained mutation: Spells you cast may paralyse nearby
                  | enemies. [demonic ancestry]
  3452 | Sewer    | Reached XP level 6. HP: 46/46 MP: 11/11
  3856 | D:4      | Found Hogass's Serpentskin Sales.
  3856 | D:4      | Noticed a water moccasin
  3856 | D:4      | Noticed a water moccasin
  3864 | D:4      | Killed a water moccasin
  3866 | D:4      | Killed a water moccasin
  3978 | D:4      | Gained mutation: You are mostly covered in razor-sharp
                  | scales. (AC +2, Slay +2) [demonic ancestry]
  3978 | D:4      | Reached XP level 7. HP: 52/52 MP: 12/12
  4046 | D:4      | Found a radiant altar of Vehumet.
  4054 | D:4      | Became a worshipper of Vehumet
  4057 | D:4      | Found an ancient bone altar of Kikubaaqudgha.
  4058 | D:4      | Found a shimmering blue altar of Sif Muna.
  4065 | D:4      | Got Vehumet's Octavo of Blows and Bruises
  4138 | D:4      | Found a runed translucent door.
  4139 | D:4      | Noticed Crazy Yiuf
  4180 | D:4      | Found a runed translucent gate.
  4180 | D:4      | Found a runed translucent gate.
  4181 | D:4      | Found a runed translucent gate.
  4182 | D:4      | Noticed MrClown's ghost (novice DsNe)
  4182 | D:4      | Noticed NimIero's ghost (amateur DrCj)
  4309 | D:4      | Noticed Robin
  4322 | D:4      | Killed Robin
  4497 | D:5      | Entered Level 5 of the Dungeon
  4500 | D:5      | Found a staircase to the Ecumenical Temple.
  4562 | D:5      | Reached * piety under Vehumet
  4562 | D:5      | Offered knowledge of Freeze by Vehumet.
  4651 | D:5      | Gained mutation: A weak demonic guardian rushes to your
                  | aid. [demonic ancestry]
  4651 | D:5      | Reached XP level 8. HP: 55/61 MP: 13/15
  4728 | D:5      | Reached skill level 5 in Earth Magic
  5167 | D:6      | Reached skill level 5 in Spellcasting
  5308 | D:6      | Reached skill level 5 in Fighting
  5390 | D:6      | Reached skill level 5 in Armour
  5450 | D:6      | Found a runed translucent gate.
  5451 | D:6      | Found a runed translucent gate.
  5451 | D:6      | Noticed MrClown's ghost (novice DsNe)
  5452 | D:6      | Found a runed translucent gate.
  5495 | D:6      | Identified the +7 chain mail of Manuruk {rPois rF- Dex+6}
  5693 | D:6      | Found a sparkling altar of Nemelex Xobeh.
  5693 | D:6      | Found a burning altar of Makhleb.
  5854 | D:6      | Killed from afar by MrClown's ghost

Illustrated notes

Levels and vault maps discovered:
D:1:      lightli_molten_gateway, layout_basic, dk_noncrumbling_3
D:2:      layout_basic
D:3:      layout_rooms, lemuel_crystal_altar
D:4:      layout_rooms, grunt_temple_overflow_magic_moments, tso_oasis_becter,
          gup_sewer_entry_bowl, gammafunk_ghost_cemetery, guppyfry_shop_venom,
          uniq_robin, uniq_crazy_yiuf_cottage, uniq_pargi
D:5:      layout_rooms, elyvilon_altar_1, minmay_temple_entry_sparse_star,
          serial_aquarium, aquarium_bridge_square [aquarium_subvault_window,
          aquarium_subvault_bridge, aquarium_subvault_balcony,
          aquarium_subvault_bridge], aquarium_window_1, aquarium_window_double,
          aquarium_window_1, aquarium_view_2g, aquarium_pool_S
D:6:      layout_basic, gammafunk_temple_overflow_statue,
          biasface_ghost_orc_armoury

Skill      XL: |  1  2  3  4  5  6  7  8 |
---------------+-------------------------+-----
Fighting       | 1 2 3 4 5 |  5.6
Earth Magic    | 3 4 5 |  5.9
Armour         | 1 2 3 5 |  5.1
Spellcasting   | 3 4 5 |  5.7
Dodging        | |  1.7
Stealth        | |  1.7
Transmutations | |  0.8

Action                   |  1- 3 |  4- 6 |  7- 9 || total
-------------------------+-------+-------+-------++-------
Melee: Dagger            |    55 |    11 |       ||    66
       Quarterstaff      |       |    79 |   133 ||   212
 Cast: Sandblast         |    50 |    30 |       ||    80
       Stone Arrow       |       |     2 |       ||     2
Evoke: Wand              |       |     1 |       ||     1
  Use: Potion            |     2 |       |     1 ||     3
       Scroll            |     1 |     7 |     2 ||    10
 Stab: Paralysed         |    12 |     9 |       ||    21
       Sleeping          |     2 |     2 |     3 ||     7
       Distracted        |       |       |     2 ||     2
Armor: Leather armour    |    21 |    13 |       ||    34
       Troll leather arm |       |    28 |    66 ||    94
Dodge: Dodged            |    33 |    61 |    92 ||   186
